 Dungeon Crawl Stone Soup version 0.14.1-26-g5a19342 (webtiles) character file.

145 Christof the Cudgeler (level 4, -11/37 HPs)
             Began as a Minotaur Gladiator on July 30, 2014.
             Mangled by a troll skeleton (12 damage)
             ... on Level 3 of the Dungeon.
             The game lasted 00:08:21 (1933 turns).

Christof the Cudgeler (Minotaur Gladiator)          Turns: 1933, Time: 00:08:22

HP -11/37        AC  9     Str 19      XL: 4   Next: 19%
MP   2/2         EV  6     Int  6      God:
Gold 64          SH  0     Dex 11      Spells:  0 memorised,  3 levels left

rFire  . . .     SeeInvis .     a - +1,+0 flail
rCold  . . .     Clarity  .     u - +1 chain mail {rPois}
rNeg   . . .     Conserve .     (no shield)
rPois  +         rCorr    .     c - +0 hat
rElec  .         rRot     .     (no cloak)
SustAb . .       Spirit   .     (no gloves)
rMut   .         Warding  .     (no boots)
Saprov . . .     Stasis   .     (no amulet)
MR     .....                    (no ring)
                                (no ring)

@: not resistant to hostile enchantments, extremely unstealthy
A: retaliatory headbutt, horns 2
a: no special abilities


You were on level 3 of the Dungeon.
You were not hungry.

You visited 1 branch of the dungeon, and saw 3 of its levels.

You collected 64 gold pieces.

Inventory:

Hand weapons
 a - a +1,+0 flail (weapon)
Missiles
 d - 3 throwing nets (quivered)
Armour
 b - a +0 leather armour
 c - a +0 hat (worn)
 u - a +1 chain mail of poison resistance (worn)
Magical devices
 m - a wand of slowing (14) {unknown}
Comestibles
 f - 2 bread rations
 l - 2 meat rations
 s - an apple
 w - a sausage
Scrolls
 e - a scroll of random uselessness {unknown}
 g - a scroll of identify {unknown}
 h - a scroll of enchant weapon I
 j - 2 scrolls of noise {unknown}
 n - a scroll of fear {unknown}
 p - a scroll of recharging {unknown}
 q - a scroll of amnesia {unknown}
 t - 3 scrolls of teleportation {unknown}
 v - a scroll of remove curse {unknown}
Potions
 i - 2 potions of curing {unknown}
 k - a potion of paralysis {unknown}
 r - a potion of agility {unknown}


   Skills:
 + Level 2.7 Fighting
 * Level 5.7 Maces & Flails
 + Level 2.2 Throwing
 + Level 1.0 Armour
 - Level 3.2 Dodging


You had 3 spell levels left.
You didn't know any spells.

Dungeon Overview and Level Annotations

Branches:
Dungeon (3/15)

Altars:
Elyvilon
Yredelemnul
Zin


Innate Abilities, Weirdness & Mutations

You reflexively headbutt those who attack you in melee.
You have a pair of horns on your head.


Message History

You hit the troll skeleton. You headbutt the troll skeleton.
You sock the troll skeleton! You headbutt the troll skeleton.
The troll skeleton bites you! The troll skeleton barely misses you.
The troll skeleton claws you but does no damage.
You hit the troll skeleton but do no damage.
Your headbutt misses the troll skeleton.
The troll skeleton bites you!
* * * LOW HITPOINT WARNING * * *
The troll skeleton claws you.
* * * LOW HITPOINT WARNING * * *
The troll skeleton claws you but does no damage.
Read which item? (? for menu, Esc to quit)
As you read the scroll labeled OVVITHYNWUO, it crumbles to dust.
It is a scroll of enchant weapon I.
Enchant which weapon? (? for menu, Esc to quit)
Choose a valid weapon, or Esc to abort.
Enchant which weapon? (? for menu, Esc to quit)
Your +0,+0 flail glows green for a moment.
The troll skeleton bites you!
You die...

#.# ###>#
#...# #.###
#.# #.# ## #.#
##...######.#
#.....Z@....#
......########
###


You could see a troll skeleton.

Vanquished Creatures
  2 adders (D:2)
  A giant mite (D:1)
  2 giant geckos
  2 giant cockroaches (D:1)
  6 goblins
  12 hobgoblins
  6 jackals
  5 kobolds
  4 bats
  2 giant newts
  4 rats
  A spectral orc (D:2)
47 creatures vanquished.

Notes
Turn   | Place    | Note
--------------------------------------------------------------
     0 | D:1      | Christof, the Minotaur Gladiator, began the quest for the Orb.
     0 | D:1      | Reached XP level 1. HP: 18/18 MP: 1/1
    84 | D:1      | Reached skill level 4 in Maces & Flails
   158 | D:1      | Reached XP level 2. HP: 25/25 MP: 1/1
   542 | D:1      | Reached skill level 5 in Maces & Flails
   542 | D:1      | Reached XP level 3. HP: 30/30 MP: 2/2
  1232 | D:2      | Found a basalt altar of Yredelemnul.
  1418 | D:2      | Found a glowing silver altar of Zin.
  1418 | D:2      | Found a white marble altar of Elyvilon.
  1445 | D:2      | Reached XP level 4. HP: 37/37 MP: 2/2
  1536 | D:2      | Reached skill level 1 in Armour
  1932 | D:3      | HP: 1/37 [troll skeleton (4)]
  1933 | D:3      | Mangled by a troll skeleton

Action                   |  1- 3 |  4- 6 || total
-------------------------+-------+-------++-------
Melee: Flail             |    70 |    39 ||   109
  Use: Scroll            |       |     1 ||     1
